PAA
MERCER ISLAND SCREAMING EAGLES @ LANNISTER UNITED LIONHEARTS
08/16/2023
 
TOP OF THE 1ST
Mercer Island Screaming Eagles batting - Pitching for Lannister United Lionhearts : RHP Ryan Ingram
Pitching: RHP Ryan Ingram
Batting: RHB Jason Ruffin 0-0: Called Strike
0-1: SINGLE (Line Drive, 3)
Batting: RHB Dong-po Tien 0-0: Ball
1-0: Foul Ball, location: 2F
1-1: Foul Ball, location: 2F
1-2: Grounds into double play, 4-6-3 (Groundball, 4)
Batting: RHB Seon-keun Kim 0-0: Ball
1-0: Called Strike
1-1: Called Strike
1-2: Ground out 1-3 (Groundball, 15)
Top of the 1st over - 0 run(s), 1 hit(s), 0 error(s), 0 left on base; Mercer Island 0 - Lannister United 0
BOTTOM OF THE 1ST
Lannister United Lionhearts batting - Pitching for Mercer Island Screaming Eagles : RHP José Campos
Pitching: RHP José Campos
Batting: LHB Cisco Padilla 0-0: Ball
1-0: SINGLE (Line Drive, 89S)
Batting: SHB Mitch Qualtrough 0-0: Foul Ball, location: 2F
0-1: Foul Ball, location: 2F
0-2: Ball
1-2: Foul Ball, location: 2F
1-2: Fly out, F5 (Popup, 5SF)
Batting: SHB Pedro Alfiche 0-0: Called Strike
0-1: Foul Ball, location: 2F
0-2: SINGLE (Groundball, 34D)
Cisco Padilla to second
Runner from 2nd tries for 3rd, SAFE, throw made to third
Batting: SHB Robbie Anderson 0-0: Called Strike
0-1: 3-RUN HOME RUN (Flyball, 9D), Distance : 357 ft
Batting: LHB Jerry Wilson 0-0: Called Strike
0-1: Ball
1-1: Ball
2-1: Swinging Strike
2-2: Ball
3-2: Strikes out swinging
Batting: RHB Fernando Rivera 0-0: Ball
1-0: Ground out U3 (Groundball, 3)
Bottom of the 1st over - 3 run(s), 3 hit(s), 0 error(s), 0 left on base; Mercer Island 0 - Lannister United 3
TOP OF THE 2ND
Mercer Island Screaming Eagles batting - Pitching for Lannister United Lionhearts : RHP Ryan Ingram
Batting: RHB Shawn McCormack 0-0: Called Strike
0-1: Ball
1-1: Swinging Strike
1-2: Fly out, F8 (Flyball, 8LM)
Batting: RHB Luis Antonio Hernández 0-0: Ball
1-0: Called Strike
1-1: Foul Ball, location: 2F
1-2: Ball
2-2: Ground out 5-3 (Groundball, 5L)
Batting: SHB León Estrada 0-0: Ball
1-0: Swinging Strike
1-1: SINGLE (Line Drive, 56)
Batting: RHB Mike Kelly 0-0: Ball
1-0: Ball
2-0: Ball
3-0: Called Strike
3-1: Fly out, F8 (Flyball, 8RS)
Top of the 2nd over - 0 run(s), 1 hit(s), 0 error(s), 1 left on base; Mercer Island 0 - Lannister United 3
BOTTOM OF THE 2ND
Lannister United Lionhearts batting - Pitching for Mercer Island Screaming Eagles : RHP José Campos
Batting: RHB Lloyd Walsh 0-0: Called Strike
0-1: Ball
1-1: Foul Ball, location: 2F
1-2: Foul Ball, location: 2F
1-2: Ball
2-2: Strikes out swinging
Batting: RHB Ángel Arroyo 0-0: Ball
1-0: Ball
2-0: Swinging Strike
2-1: Foul Ball, location: 2F
2-2: Strikes out looking
Batting: LHB José Vargas 0-0: Swinging Strike
0-1: Ball
1-1: SOLO HOME RUN (Flyball, 89D), Distance : 389 ft
Batting: LHB Cisco Padilla 0-0: Fly out, F7 (Popup, 56D)
Bottom of the 2nd over - 1 run(s), 1 hit(s), 0 error(s), 0 left on base; Mercer Island 0 - Lannister United 4
TOP OF THE 3RD
Mercer Island Screaming Eagles batting - Pitching for Lannister United Lionhearts : RHP Ryan Ingram
Batting: RHB Leonardo Ramírez 0-0: Ball
1-0: Swinging Strike
1-1: Ball
2-1: Foul Ball, location: 2F
2-2: Strikes out swinging
Batting: SHB Miguel Pérez 0-0: Ball
1-0: Swinging Strike
1-1: Called Strike
1-2: Foul Ball, location: 2F
1-2: DOUBLE (Flyball, 8RM)
Batting: RHB Jason Ruffin 0-0: Foul Ball, location: 2F
0-1: Called Strike
0-2: SINGLE (Flyball, 89S)
Miguel Pérez to third
Runner from 3rd tries for Home, throw and OUT!
Jason Ruffin to second
Batting: RHB Dong-po Tien 0-0: Ground out 4-3 (Groundball, 4M)
Top of the 3rd over - 0 run(s), 2 hit(s), 0 error(s), 1 left on base; Mercer Island 0 - Lannister United 4
BOTTOM OF THE 3RD
Lannister United Lionhearts batting - Pitching for Mercer Island Screaming Eagles : RHP José Campos
Batting: SHB Mitch Qualtrough 0-0: Ball
1-0: SINGLE (Line Drive, 4D)
Batting: SHB Pedro Alfiche 0-0: Swinging Strike
0-1: Ball
1-1: Foul Ball, location: 2F
1-2: Grounds into double play, 1-6-3 (Groundball, 15S)
Batting: SHB Robbie Anderson 0-0: Foul Ball, location: 2F
0-1: Ball
1-1: Fly out, F3 (Popup, 34S)
Bottom of the 3rd over - 0 run(s), 1 hit(s), 0 error(s), 0 left on base; Mercer Island 0 - Lannister United 4
TOP OF THE 4TH
Mercer Island Screaming Eagles batting - Pitching for Lannister United Lionhearts : RHP Ryan Ingram
Batting: RHB Seon-keun Kim 0-0: Ground out 6-3 (Groundball, 6D)
Batting: RHB Shawn McCormack 0-0: DOUBLE (Flyball, 89M)
Batting: RHB Luis Antonio Hernández 0-0: Called Strike
0-1: Swinging Strike
0-2: Strikes out looking
Batting: SHB León Estrada 0-0: Ball
1-0: Fly out, F9 (Flyball, 89M)
Top of the 4th over - 0 run(s), 1 hit(s), 0 error(s), 1 left on base; Mercer Island 0 - Lannister United 4
BOTTOM OF THE 4TH
Lannister United Lionhearts batting - Pitching for Mercer Island Screaming Eagles : RHP José Campos
Batting: LHB Jerry Wilson 0-0: Ball
1-0: Called Strike
1-1: Called Strike
1-2: Strikes out looking
Batting: RHB Fernando Rivera 0-0: Ball
1-0: Ball
2-0: SINGLE (Line Drive, 4D)
Batting: RHB Lloyd Walsh 0-0: Called Strike
0-1: Swinging Strike
0-2: Ball
1-2: Fly out, F9 (Flyball, 9LM)
Batting: RHB Ángel Arroyo 0-0: Fly out, F8 (Flyball, 89M)
Bottom of the 4th over - 0 run(s), 1 hit(s), 0 error(s), 1 left on base; Mercer Island 0 - Lannister United 4
TOP OF THE 5TH
Mercer Island Screaming Eagles batting - Pitching for Lannister United Lionhearts : RHP Ryan Ingram
Batting: RHB Mike Kelly 0-0: Foul Ball, location: 2F
0-1: Ball
1-1: Ball
2-1: Called Strike
2-2: Foul Ball, location: 2F
2-2: Ball
3-2: Foul Ball, location: 2F
3-2: Foul Ball, location: 2F
3-2: SINGLE (Flyball, 9S) - OUT at second base trying to stretch hit.
Batting: RHB Leonardo Ramírez 0-0: Ground out 5-3 (Groundball, 5S)
Batting: SHB Miguel Pérez 0-0: Called Strike
0-1: Called Strike
0-2: Ground out 5-3 (Groundball, 15S)
Top of the 5th over - 0 run(s), 1 hit(s), 0 error(s), 0 left on base; Mercer Island 0 - Lannister United 4
BOTTOM OF THE 5TH
Lannister United Lionhearts batting - Pitching for Mercer Island Screaming Eagles : RHP José Campos
Batting: LHB José Vargas 0-0: Swinging Strike
0-1: Ball
1-1: Swinging Strike
1-2: Foul Ball, location: 2F
1-2: Foul Ball, location: 2F
1-2: Foul Ball, location: 2F
1-2: Strikes out swinging, 2-3 out at first.
Batting: LHB Cisco Padilla 0-0: Called Strike
0-1: Swinging Strike
0-2: Ball
1-2: Foul Ball, location: 2F
1-2: Foul Ball, location: 2F
1-2: SINGLE (Groundball, 23) (infield hit)
Batting: SHB Mitch Qualtrough 0-0: Called Strike
0-1: Reached on error, E6 (Groundball, 6)
Cisco Padilla to second
Batting: SHB Pedro Alfiche 0-0: Ball
1-0: Ball
2-0: Called Strike
2-1: Ball
3-1: Base on Balls
Cisco Padilla to third
Mitch Qualtrough to second
Pitching: LHP Denis Melis
Batting: SHB Robbie Anderson 0-0: SINGLE (Line Drive, 9S)
Cisco Padilla scores
Mitch Qualtrough to third
Pedro Alfiche to second
Runner from 3rd tries for Home, SAFE, throw made at trailing runner, OUT at third!
Batting: LHB Jerry Wilson 0-0: Ball
1-0: Ball
2-0: Foul Ball, location: 2F
2-1: Foul Ball, location: 2F
2-2: Ground out 6-3 (Groundball, 6)
Bottom of the 5th over - 2 run(s), 2 hit(s), 1 error(s), 1 left on base; Mercer Island 0 - Lannister United 6
TOP OF THE 6TH
Mercer Island Screaming Eagles batting - Pitching for Lannister United Lionhearts : RHP Ryan Ingram
Batting: RHB Jason Ruffin 0-0: Ball
1-0: Ball
2-0: Ball
3-0: Called Strike
3-1: Called Strike
3-2: Foul Ball, location: 2F
3-2: SINGLE (Flyball, 8LS)
Batting: RHB Dong-po Tien 0-0: SINGLE (Groundball, 25) (infield hit)
Jason Ruffin to second
Batting: RHB Seon-keun Kim 0-0: Fly out, F2 (Popup, 2RF)
Pitching: RHP Jesús Chután
Batting: RHB Shawn McCormack 0-0: Called Strike
0-1: Ball
1-1: Swinging Strike
1-2: Ball
2-2: Foul Ball, location: 2F
2-2: Fly out, F9 (Flyball, 89M)
Batting: RHB Luis Antonio Hernández 0-0: Ball
1-0: Called Strike
1-1: Ball
2-1: Swinging Strike
2-2: Strikes out looking
Top of the 6th over - 0 run(s), 2 hit(s), 0 error(s), 2 left on base; Mercer Island 0 - Lannister United 6
BOTTOM OF THE 6TH
Lannister United Lionhearts batting - Pitching for Mercer Island Screaming Eagles : LHP Denis Melis
Batting: RHB Fernando Rivera 0-0: Foul Ball, location: 2F
0-1: Ball
1-1: Fly out, F6 (Popup, 5L)
Batting: RHB Lloyd Walsh 0-0: Called Strike
0-1: Ball
1-1: Foul Ball, location: 2F
1-2: Ball
2-2: Foul Ball, location: 2F
2-2: Ground out 5-3 (Groundball, 5)
Batting: RHB Ángel Arroyo 0-0: Ball
1-0: Called Strike
1-1: Ground out 4-3 (Groundball, 4)
Bottom of the 6th over - 0 run(s), 0 hit(s), 0 error(s), 0 left on base; Mercer Island 0 - Lannister United 6
TOP OF THE 7TH
Mercer Island Screaming Eagles batting - Pitching for Lannister United Lionhearts : RHP Jesús Chután
Batting: SHB León Estrada 0-0: Fly out, F1 (Line Drive, 13)
Batting: RHB Mike Kelly 0-0: Called Strike
0-1: Ball
1-1: Foul Ball, location: 2F
1-2: Ball
2-2: Ball
3-2: SINGLE (Line Drive, 7S)
Batting: RHB Leonardo Ramírez 0-0: Ball
1-0: Fielders Choice at 2nd, 1-4 (Groundball, 13S)
Batting: SHB Miguel Pérez 0-0: Called Strike
0-1: TRIPLE (Flyball, 9D)
Leonardo Ramírez scores
Batting: RHB Jason Ruffin 0-0: Called Strike
0-1: Called Strike
0-2: Strikes out swinging
Top of the 7th over - 1 run(s), 2 hit(s), 0 error(s), 1 left on base; Mercer Island 1 - Lannister United 6
BOTTOM OF THE 7TH
Lannister United Lionhearts batting - Pitching for Mercer Island Screaming Eagles : LHP Denis Melis
Batting: LHB José Vargas 0-0: Ground out 3-1 (Groundball, 34)
Batting: LHB Cisco Padilla 0-0: Ball
1-0: Swinging Strike
1-1: Swinging Strike
1-2: Strikes out swinging
Batting: SHB Mitch Qualtrough 0-0: Called Strike
0-1: Ball
1-1: Swinging Strike
1-2: Foul Ball, location: 2F
1-2: SINGLE (Line Drive, 56D)
Batting: SHB Pedro Alfiche 0-0: Ball
Mitch Qualtrough steals 2nd base
1-0: Ground out 2-3 (Groundball, 2L)
Bottom of the 7th over - 0 run(s), 1 hit(s), 0 error(s), 1 left on base; Mercer Island 1 - Lannister United 6
TOP OF THE 8TH
Mercer Island Screaming Eagles batting - Pitching for Lannister United Lionhearts : RHP Jesús Chután
Batting: RHB Dong-po Tien 0-0: Foul Ball, location: 2F
0-1: Ball
1-1: SINGLE (Groundball, 34D)
Batting: RHB Seon-keun Kim 0-0: Swinging Strike
0-1: Swinging Strike
0-2: Ball
1-2: Strikes out looking
Batting: RHB Shawn McCormack 0-0: Ball
1-0: SINGLE (Groundball, 4MD) (infield hit)
Dong-po Tien to second
Batting: RHB Luis Antonio Hernández 0-0: Ball
1-0: Called Strike
1-1: Foul Ball, location: 2F
1-2: Hit by Pitch
Dong-po Tien to third
Shawn McCormack to second
Pitching: LHP Hank Downey
Batting: SHB León Estrada 0-0: Ball
1-0: Ball
Wild Pitch!
Dong-po Tien scores
Shawn McCormack to third
Luis Antonio Hernández to second
2-0: Ball
3-0: Called Strike
3-1: Base on Balls
Pitching: RHP Ryan Bentley
Batting: RHB Mike Kelly 0-0: Ball
1-0: Ball
Wild Pitch!
Shawn McCormack scores
Luis Antonio Hernández to third
León Estrada to second
2-0: Called Strike
2-1: Swinging Strike
2-2: Strikes out looking
Batting: RHB Leonardo Ramírez 0-0: Called Strike
0-1: Ball
1-1: Ball
Passed Ball!
Luis Antonio Hernández scores
León Estrada to third
2-1: DOUBLE (Line Drive, 5D)
León Estrada scores
Pitching: RHP Mauro Marín
Pinch Hitting: RHB Logan Cole 0-0: Ball
1-0: Ball
2-0: Called Strike
2-1: Ball
3-1: Foul Ball, location: 2F
3-2: SINGLE (Groundball, 6D)
Leonardo Ramírez to third
Leonardo Ramírez scores
Pinch Runner at 1st Javier Gonzáles:
Batting: RHB Jason Ruffin 0-0: Ball
1-0: Called Strike
1-1: Ball
2-1: Foul Ball, location: 2F
2-2: DOUBLE (Groundball, 5L)
Javier Gonzáles to third
Batting: RHB Dong-po Tien 0-0: Ball
1-0: Fly out, F7 (Flyball, 7M)
Top of the 8th over - 5 run(s), 5 hit(s), 0 error(s), 2 left on base; Mercer Island 6 - Lannister United 6
BOTTOM OF THE 8TH
Lannister United Lionhearts batting - Pitching for Mercer Island Screaming Eagles : LHP Denis Melis
Now in RF: Javier Gonzáles
Batting: SHB Robbie Anderson 0-0: Called Strike
0-1: SOLO HOME RUN (Flyball, 7LD), Distance : 344 ft
Batting: LHB Jerry Wilson 0-0: SOLO HOME RUN (Line Drive, 9LD), Distance : 333 ft
Batting: RHB Fernando Rivera 0-0: SINGLE (Line Drive, 4MD)
Batting: RHB Lloyd Walsh 0-0: Ball
1-0: Sac Bunt - play at first, batter OUT! 2-4
Fernando Rivera to second
Batting: RHB Ángel Arroyo 0-0: Called Strike
0-1: Foul Ball, location: 2F
0-2: Ball
1-2: Foul Ball, location: 2F
1-2: Fly out, F7 (Line Drive, 7M)
Batting: LHB José Vargas 0-0: Foul Ball, location: 2F
0-1: Ball
1-1: Ball
2-1: Foul Ball, location: 2F
2-2: Strikes out swinging
Bottom of the 8th over - 2 run(s), 3 hit(s), 0 error(s), 1 left on base; Mercer Island 6 - Lannister United 8
TOP OF THE 9TH
Mercer Island Screaming Eagles batting - Pitching for Lannister United Lionhearts : RHP Mauro Marín
Pitching: RHP Félix Torres
Batting: RHB Seon-keun Kim 0-0: Ball
1-0: Swinging Strike
1-1: Ball
2-1: Ball
3-1: Foul Ball, location: 2F
3-2: Base on Balls
Pinch Hitting: LHB Nelson Plasenia 0-0: Called Strike
0-1: Called Strike
0-2: Strikes out swinging
Batting: RHB Luis Antonio Hernández 0-0: Called Strike
0-1: Fly out, F2 (Popup, 2LF)
Batting: SHB León Estrada 0-0: Ball
1-0: Ground out 6-3 (Groundball, 6)
Top of the 9th over - 0 run(s), 0 hit(s), 0 error(s), 1 left on base; Mercer Island 6 - Lannister United 8
This league is powered by Out of the Park Baseball, the baseball management simulation game for PC, Mac and Linux
Friday, July 8th, 2016 - OOTP Baseball 16.9 Build 39